 Dungeon Crawl Stone Soup version 0.23.1-37-gaa34b87b72 (webtiles) character file.

Game seed: 3681697324578064841

111 Norn the Vandal (level 5, -9/35 HPs)
             Began as a Halfling Hunter on Mar 24, 2019.
             Killed from afar by a white imp (14 damage)
             ... with a puff of frost
             ... summoned by Natasha
             ... on level 3 of the Dungeon.
             The game lasted 00:05:43 (2833 turns).

Norn the Vandal (Halfling Hunter)                   Turns: 2833, Time: 00:05:43

Health: -9/35      AC:  3    Str: 13    XL:     5   Next: 15%
Magic:  5/5        EV: 15    Int: 10    God:
Gold:   102        SH:  0    Dex: 15    Spells: 4/4 levels left

rFire    . . .     SeeInvis .   a - +1 hunting sling
rCold    . . .     Gourm    .   (shield restricted)
rNeg     . . .     Faith    .   c - +0 leather armour
rPois    .         Spirit   .   (no helmet)
rElec    .         Reflect  .   (no cloak)
rCorr    .         Harm     .   (no gloves)
MR       .....                  (no boots)
Stlth    ++........             (no amulet)
HPRegen  0.11/turn              (no ring)
MPRegen  0.09/turn              (no ring)

@: no status effects
A: small, mutation resistance 1
a: no special abilities


You were on level 3 of the Dungeon.
You were very hungry.

You visited 1 branch of the dungeon, and saw 3 of its levels.

You collected 102 gold pieces.

Inventory:

Hand Weapons
 a - a +1 hunting sling (weapon)
 b - a +0 short sword
 o - a +1 whip of holy wrath
   (You found it on level 2 of the Dungeon)
Missiles
 d - 27 sling bullets (quivered)
 h - 108 stones
Armour
 c - a +0 leather armour (worn)
Magical Staves
 x - an uncursed staff of energy {!a}
   (You took it off a gnoll on level 3 of the Dungeon)
Jewellery
 v - a +4 ring of slaying {unknown}
   (You found it on level 3 of the Dungeon)
Scrolls
 f - 2 scrolls of noise {unknown}
 i - a scroll of fog {unknown}
 k - 3 scrolls of magic mapping {unknown}
 m - a scroll of teleportation {unknown}
 n - 6 scrolls of amnesia {unknown}
 q - a scroll of enchant weapon {unknown}
 r - 4 scrolls of identify {unknown}
 s - 2 scrolls of blinking {unknown}
 t - a scroll of random uselessness {unknown}
 u - a scroll of fear {unknown}
 w - a scroll of remove curse {unknown}
Potions
 g - a potion of heal wounds {unknown}
 j - 4 potions of mutation {unknown}
 l - 2 potions of brilliance {unknown}
 p - a potion of invisibility {unknown}
Comestibles
 e - 6 rations {!d}


   Skills:
 + Level 2.6 Fighting
 * Level 7.5 Slings
 + Level 3.2 Dodging
 - Level 1.1 Stealth


You had 4 spell levels left.
You didn't know any spells.
Your spell library was empty.

Dungeon Overview and Level Annotations

Branches:
Dungeon (3/15)

Altars:

Annotations:
D:3 3 runed translucent doors, Dasatrys's ghost, amateur GnSk; Natasha; P0WERM0DE's ghost, amateur DDFi; SharpKris's ghost, amateur SpFi


Innate Abilities, Weirdness & Mutations

You are small and have problems with some larger weapons.
You are somewhat resistant to further mutation.


Message History

You are feeling very hungry.
Natasha is too close now for your liking.
Natasha is nearby!
Quiver which item? (- for none, * to show all) (? for menu, Esc to quit)
Quivering
d - 35 sling bullets for slings.
Firing (i - inventory. (/) - cycle)
d - 35 sling bullets (quivered)
Aim: Natasha (hasn't noticed you)
You shoot a sling bullet. The sling bullet barely misses Natasha.
Natasha hisses angrily.
Firing (i - inventory. (/) - cycle)
d - 34 sling bullets (quivered)
Aim: Natasha You shoot a sling bullet.
The sling bullet barely misses Natasha.
Firing (i - inventory. (/) - cycle)
d - 33 sling bullets (quivered)
Aim: Natasha You shoot a sling bullet.
The sling bullet closely misses Natasha.
Firing (i - inventory. (/) - cycle)
d - 32 sling bullets (quivered)
Aim: Natasha You shoot a sling bullet.
The sling bullet barely misses Natasha.
Firing (i - inventory. (/) - cycle)
d - 31 sling bullets (quivered)
Aim: Natasha You shoot a sling bullet.
The sling bullet barely misses Natasha.
Natasha mumbles some strange words.
Firing (i - inventory. (/) - cycle)
d - 30 sling bullets (quivered)
Aim: Natasha You shoot a sling bullet.
The sling bullet hits Natasha but does no damage.
Firing (i - inventory. (/) - cycle)
d - 29 sling bullets (quivered)
Aim: Natasha You shoot a sling bullet.
The sling bullet closely misses Natasha.
Firing (i - inventory. (/) - cycle)
d - 28 sling bullets (quivered)
Aim: Natasha You shoot a sling bullet.
The sling bullet barely misses Natasha.
Natasha stares at you and mumbles some strange words.
The magic dart hits you.
Natasha stares at you and mumbles some strange words.
The magic dart hits you.
Natasha howls an incantation.
Natasha's front paws start to glow.
The white imp lashes its tail.
The white imp gestures at you. The puff of frost hits you!
* * * LOW HITPOINT WARNING * * *
Natasha casts a spell.
The white imp gestures at you. The puff of frost hits you!
* * * LOW HITPOINT WARNING * * *
The white imp gestures at you. The puff of frost hits you!
You die...

##.....# ##.#
#..........# #.
.......# #.#
#..........# #.
##.....# #.#
#..........###.
####### #.#
#..............
#.###..............
#..##..............
###.#####.#.........
#.....# #)#.........
######..@..#
#.##########
#..........# #.#
#.#######..# #g#
####.#### ##.###.#
#.......# #5h##<#
##### ###+++###
##.##.# #...#
#P?.WWW..P# #.##.#
#...# #⌠.......⌠#
#.5#.# #...#
#P.......P# ##.#.#
#...#


You could see Natasha, a white imp and a shadow imp.

Vanquished Creatures
  A worker ant (D:3)
  4 gnolls
  2 leopard geckos (D:2)
  6 bats
  9 giant cockroaches
  2 hobgoblins
  6 jackals (D:1)
  5 kobolds
  A quokka (D:2)
  2 frilled lizards
  4 goblins (D:1)
  3 rats
45 creatures vanquished.

Vanquished Creatures (others)
  A withered plant (D:3)
1 creature vanquished.

Grand Total: 46 creatures vanquished

Notes
Turn   | Place    | Note
-------+----------+-------------------------------------------
     0 | D:1      | Norn the Halfling Hunter began the quest for the Orb.
     0 | D:1      | Reached XP level 1. HP: 14/14 MP: 1/1
    33 | D:1      | Reached skill level 6 in Slings
   208 | D:1      | Reached XP level 2. HP: 19/19 MP: 2/2
   537 | D:1      | Reached XP level 3. HP: 24/24 MP: 3/3
  1588 | D:3      | Noticed Natasha
  1859 | D:3      | Reached skill level 7 in Slings
  1859 | D:3      | Reached XP level 4. HP: 30/30 MP: 4/4
  2012 | D:3      | Found a runed translucent gate.
  2012 | D:3      | Found a runed translucent gate.
  2013 | D:3      | Found a runed translucent gate.
  2013 | D:3      | Noticed SharpKris's ghost (amateur SpFi)
  2013 | D:3      | Noticed P0WERM0DE's ghost (amateur DDFi)
  2013 | D:3      | Noticed Dasatrys's ghost (amateur GnSk)
  2426 | D:3      | Reached XP level 5. HP: 35/35 MP: 5/5
  2833 | D:3      | Killed from afar by a white imp

Skill      XL: |  1  2  3 |
---------------+----------+-----
Slings         | 6 7 |  7.5
Fighting       | 2 |  2.6
Dodging        | 3 |  3.2
Stealth        | |  1.1

Action                   |  1- 3 |  4- 6 || total
-------------------------+-------+-------++-------
Melee: Short sword       |     8 |       ||     8
 Fire: Hunting sling     |    85 |    55 ||   140
  Eat: Ration            |     1 |       ||     1
       Chunk             |       |     1 ||     1
Armor: Leather armour    |     7 |     3 ||    10
Dodge: Dodged            |    21 |     9 ||    30
